 Dungeon Crawl Stone Soup version 0.24-a0-762-gca426f5 (webtiles) character file.

Game seed: 16504672883077183986, levelgen mode: deterministic

25 2tousent the Ruffian (level 2, -2/23 HPs)
             Began as a Draconian Transmuter on Oct 3, 2019.
             Slain by an adder (4 damage)
             ... on level 2 of the Dungeon.
             The game lasted 00:03:18 (963 turns).

2tousent the Ruffian (Draconian Transmuter)          Turns: 963, Time: 00:03:19

Health: -2/23      AC:  4    Str: 12    XL:     2   Next: 86%
Magic:  4/5        EV: 12    Int: 13    God:
Gold:   90         SH:  0    Dex: 11    Spells: 4/5 levels left

rFire    . . .     SeeInvis .     - Unarmed
rCold    . . .     Gourm    .   (no shield)
rNeg     . . .     Faith    .   (armour unavailable)
rPois    .         Spirit   .   (helmet restricted)
rElec    .         Reflect  .   (no cloak)
rCorr    .         Harm     .   (no gloves)
MR       .....                  (boots currently unavailable)
Stlth    +.........             (no amulet)
HPRegen  0.07/turn              (no ring)
MPRegen  0.09/turn              (no ring)

@: lethally poisoned (-2 -> -8), appendage
A: unfitting armour, talons 3, cold-blooded, AC +4
a: End Transformation


You were on level 2 of the Dungeon.
You were not hungry.
You had grown temporary talons.
You visited 1 branch of the dungeon, and saw 2 of its levels.

You collected 90 gold pieces.

Inventory:

Missiles
 a - 12 arrows
Jewellery
 b - an uncursed amulet of magic regeneration {unknown}
Potions
 f - a potion of lignification
 i - a potion of curing
 l - a potion of haste
Comestibles
 c - 6 rations


   Skills:
 + Level 1.5 Fighting
 + Level 2.0 Dodging
 + Level 3.1 Unarmed Combat
 + Level 2.2 Spellcasting
 * Level 2.5 Transmutations


You had 4 spell levels left.
You knew the following spells:

 Your Spells              Type           Power        Failure   Level  Hunger
a - Beastly Appendage     Tmut           #.....       9%          1    ##.....

Your spell library contained the following spells:

 Spells                   Type           Power        Failure   Level  Hunger
 Sticks to Snakes         Tmut           #.......     13%         2    ###....
 Spider Form              Tmut/Pois      #.........   41%         3    ####...
 Ice Form                 Ice/Tmut       #.......     82%         4    #####..
 Blade Hands              Tmut           #.........   94%         5    ######.


Dungeon Overview and Level Annotations

Branches:
Dungeon (2/15)

Altars:

Annotations:
D:2 Jessica, Terence


Innate Abilities, Weirdness & Mutations

Your plain brown scales are hard. (AC +4)
You cannot fit into any form of body armour.
You are cold-blooded and may be slowed by cold attacks.
You have claws for feet.


Message History

The hobgoblin shouts!
The adder hisses angrily. x2
Really walk into that teleport trap?
You enter a teleport trap!
The teleport trap disappears.
Your surroundings suddenly seem different.
Jessica the Apprentice Sorceress comes into view.
Found a stone staircase leading down.
An adder is nearby!
Casting: Beastly Appendage (safe; 9% risk of failure)
Confirm with . or Enter, or press ? or * to list all spells.
Your feet morph into talons.
The adder bites you.
* * * LOW HITPOINT WARNING * * *
You are lethally poisoned!
The adder poisons you!
You miss the adder. Your kick misses the adder.
* * * LOW HITPOINT WARNING * * *
You feel sick. The adder barely misses you.
You miss the adder. You claw the adder.
The adder is moderately wounded.
The adder bites you.
You die...

#.....# #.. #.....# ..
#....># #.#
#.....##..# ..
#.....##..###.#
#.............#
#.............#
#....S@#......##
.......###.......#
.####.............
......S.....g.....r..
####.###S....g.#..g..#
#. #.#####..<....# #.
#.# ##......# #@ #.#
#......... ##g#
#........#


You could see an adder.

Vanquished Creatures
  A gnoll (D:1)
  A giant cockroach (D:1)
  5 goblins (D:1)
  A hobgoblin (D:1)
  2 bats (D:1)
  A frilled lizard (D:1)
  2 kobolds (D:1)
  3 rats (D:1)
16 creatures vanquished.

Notes
Turn   | Place    | Note
-------+----------+-------------------------------------------
     0 | D:1      | 2tousent the Draconian Transmuter began the quest for the
                  | Orb.
     0 | D:1      | Reached XP level 1. HP: 16/16 MP: 3/3
   120 | D:1      | Reached XP level 2. HP: 17/23 MP: 3/5
   919 | D:2      | Noticed Terence
   959 | D:2      | Noticed Jessica
   963 | D:2      | Slain by an adder

Levels and vault maps discovered:
D:1:      ncdulo_watergridlock, layout_basic
D:2:      layout_rooms, lemuel_coloured_pillars_altar, old_standard_altar,
          uniq_jessica, uniq_terence

Skill      XL: |  1  2 |
---------------+-------+-----
Dodging        | 2 |  2.0
Fighting       | |  1.5
Unarmed Combat | |  3.1
Spellcasting   | |  2.2
Transmutations | |  2.5

Action                   || total
-------------------------++-------
Melee: Unarmed           ||    50
       Kick              ||     4
       Tailslap          ||     3
       Headbutt          ||     2
 Cast: Beastly Appendage ||     7
  Use: Scroll            ||    10
 Stab: Sleeping          ||     1
Armor: Skin              ||    10
Dodge: Dodged            ||    33

Table legend:
 A = Non-vault XP
 B = Vault XP
 C = Vault XP percentage of total XP
 D = Non-vault monster count
 E = Vault monster count
 F = Vault count percentage of total count
                 A         B        C        D         E       F
            +---------+---------+-------+---------+---------+-------
      Total |      37 |       0 |   0.0 |      16 |       0 |   0.0
            +---------+---------+-------+---------+---------+-------
        D:1 |      37 |       0 |   0.0 |      16 |       0 |   0.0
            +---------+---------+-------+---------+---------+-------
